| TOP OF THE 1ST |
|
Idaho Falls Chukars batting - Pitching for Vermont Lake Monsters : LHP Hector Perdomo
|
|
Pitching: LHP Hector Perdomo
|
|
|
Batting: RHB Ruben Luis
|
0-0: Called Strike 0-1: Ball 1-1: SINGLE (Line Drive, 4D, EV 103.1 MPH)
|
|
Batting: RHB Mike Bearden
|
0-0: Called Strike 0-1: SINGLE (Groundball, 34D, EV 104.4 MPH) Ruben Luis to second Runner from 2nd tries for 3rd, OUT! 9-5 Mike Bearden to second
|
|
Batting: RHB Jonas Fernandez
|
0-0: Called Strike 0-1: Ball 1-1: Swinging Strike 1-2: Fly out, F8 (Flyball, 78M, EV 83.8 MPH)
|
|
Batting: RHB Chance Argy
|
0-0: Ball 1-0: Ground out 4-3 (Groundball, 4, EV 92.5 MPH)
|
| Top of the 1st over - 0 runs, 2 hits, 0 errors, 1 left on base; Idaho Falls 0 - Vermont 0 |
| BOTTOM OF THE 1ST |
|
Vermont Lake Monsters batting - Pitching for Idaho Falls Chukars : RHP Jason Meade
|
|
Pitching: RHP Jason Meade
|
|
|
Batting: RHB Josh Mauer
|
0-0: Foul Ball, location: 2F 0-1: Ball 1-1: Ball 2-1: Foul Ball, location: 2F 2-2: Ground out 6-3 (Groundball, 6, EV 90.0 MPH)
|
|
Batting: RHB Chris Temple
|
0-0: Foul Ball, location: 2F 0-1: SINGLE (Groundball, 6D, EV 105.0 MPH)
|
|
Batting: RHB Zachary Anderson
|
0-0: Ball 1-0: Ball 2-0: SINGLE (Groundball, 34D, EV 95.6 MPH) Chris Temple to second Runner from 2nd tries for 3rd, SAFE, throw by RF made to third
|
|
Batting: LHB Brian Puccio
|
0-0: Called Strike 0-1: Called Strike 0-2: Ball 1-2: Ball 2-2: Foul Ball, location: 2F 2-2: Strikes out swinging
|
|
Batting: RHB Sean Gould
|
0-0: Swinging Strike 0-1: Ball 1-1: Fly out, F9 (Flyball, 89S, EV 86.9 MPH)
|
| Bottom of the 1st over - 0 runs, 2 hits, 0 errors, 2 left on base; Idaho Falls 0 - Vermont 0 |
| TOP OF THE 2ND |
|
Idaho Falls Chukars batting - Pitching for Vermont Lake Monsters : LHP Hector Perdomo
|
|
Batting: LHB Vicente Hernandez
|
0-0: Ball 1-0: Called Strike 1-1: Ball 2-1: Called Strike 2-2: Ground out U3 (Groundball, 3, EV 101.2 MPH)
|
|
Batting: LHB David Bearden
|
0-0: Ball 1-0: Ball 2-0: Ball 3-0: Called Strike 3-1: SINGLE (Line Drive, 8RS, EV 88.8 MPH)
|
|
Batting: RHB Rafael Tapia
|
0-0: Ball Pickoff Throw to First - Out! 1-3 CS 1-0: SINGLE (Groundball, 56, EV 98.8 MPH) (infield hit)
|
|
Batting: RHB Bill Cranton
|
0-0: Ball 1-0: Called Strike 1-1: SINGLE (Flyball, 8LM, EV 91.2 MPH) Rafael Tapia to second
|
|
Batting: SHB Benoît Morin
|
0-0: Ball 1-0: Foul Ball, location: 2F 1-1: Foul Ball, location: 2F 1-2: DOUBLE (Line Drive, 78D, EV 106.9 MPH) Rafael Tapia scores Bill Cranton to third Runner from 3rd tries for Home, SAFE, throw by LF to trailing runner, SAFE at third!
|
|
Batting: RHB Ruben Luis
|
0-0: Called Strike 0-1: Ball Passed Ball! Benoît Morin scores 1-1: Ball 2-1: Fly out, F6 (Line Drive, 6, EV 64.4 MPH)
|
| Top of the 2nd over - 3 runs, 4 hits, 0 errors, 0 left on base; Idaho Falls 3 - Vermont 0 |
| BOTTOM OF THE 2ND |
|
Vermont Lake Monsters batting - Pitching for Idaho Falls Chukars : RHP Jason Meade
|
|
Batting: RHB Chris Prinzing
|
0-0: Called Strike 0-1: Ball 1-1: Swinging Strike 1-2: Strikes out swinging
|
|
Batting: LHB Ed Talamantes
|
0-0: Called Strike 0-1: Swinging Strike 0-2: Strikes out swinging
|
|
Batting: RHB Jon Coleman
|
0-0: Ball 1-0: Called Strike 1-1: Foul Ball, location: 2F 1-2: Ground out 5-3 (Groundball, 56, EV 100.6 MPH)
|
| Bottom of the 2nd over - 0 runs, 0 hits, 0 errors, 0 left on base; Idaho Falls 3 - Vermont 0 |
| TOP OF THE 3RD |
|
Idaho Falls Chukars batting - Pitching for Vermont Lake Monsters : LHP Hector Perdomo
|
|
Pitching: RHP Pedro Taveras
|
|
|
Batting: RHB Mike Bearden
|
0-0: Ground out 4-3 (Groundball, 4S, EV 85.6 MPH)
|
|
Batting: RHB Jonas Fernandez
|
0-0: Ball 1-0: Called Strike 1-1: Ball 2-1: Called Strike 2-2: Strikes out looking
|
|
Batting: RHB Chance Argy
|
0-0: Called Strike 0-1: Ball 1-1: Foul Ball, location: 2F 1-2: Ball 2-2: Fly out, F9 (Line Drive, 9, EV 96.2 MPH)
|
| Top of the 3rd over - 0 runs, 0 hits, 0 errors, 0 left on base; Idaho Falls 3 - Vermont 0 |
| BOTTOM OF THE 3RD |
|
Vermont Lake Monsters batting - Pitching for Idaho Falls Chukars : RHP Jason Meade
|
|
Batting: RHB Jake Leffel
|
0-0: Ball 1-0: Called Strike 1-1: SINGLE (Line Drive, 78M, EV 109.4 MPH)
|
|
Batting: RHB Josh Mauer
|
0-0: Swinging Strike 0-1: Grounds into double play, 6-4-3 (Groundball, 6, EV 91.9 MPH)
|
|
Batting: RHB Chris Temple
|
0-0: Called Strike 0-1: Ball 1-1: Foul Ball, location: 2F 1-2: Ground out 6-3 (Groundball, 6, EV 81.2 MPH)
|
| Bottom of the 3rd over - 0 runs, 1 hit, 0 errors, 0 left on base; Idaho Falls 3 - Vermont 0 |
| TOP OF THE 4TH |
|
Idaho Falls Chukars batting - Pitching for Vermont Lake Monsters : RHP Pedro Taveras
|
|
Batting: LHB Vicente Hernandez
|
0-0: Fly out, F9 (Flyball, 9S, EV 77.5 MPH)
|
|
Batting: LHB David Bearden
|
0-0: Ball 1-0: Ground out 6-3 (Groundball, 6, EV 84.4 MPH)
|
|
Batting: RHB Rafael Tapia
|
0-0: Called Strike 0-1: Ball 1-1: Called Strike 1-2: Strikes out swinging
|
| Top of the 4th over - 0 runs, 0 hits, 0 errors, 0 left on base; Idaho Falls 3 - Vermont 0 |
| BOTTOM OF THE 4TH |
|
Vermont Lake Monsters batting - Pitching for Idaho Falls Chukars : RHP Jason Meade
|
|
Batting: RHB Zachary Anderson
|
0-0: Called Strike 0-1: Ball 1-1: Called Strike 1-2: Hit by Pitch
|
|
Pitching: LHP Dustin Waller
|
|
|
Batting: LHB Brian Puccio
|
0-0: Foul Ball, location: 2F 0-1: Called Strike 0-2: Strikes out swinging
|
|
Batting: RHB Sean Gould
|
0-0: Called Strike 0-1: Called Strike 0-2: Fly out, F9 (Flyball, 9, EV 91.9 MPH)
|
|
Batting: RHB Chris Prinzing
|
0-0: Fly out, F3 (Popup, 23F, EV 75.0 MPH)
|
| Bottom of the 4th over - 0 runs, 0 hits, 0 errors, 1 left on base; Idaho Falls 3 - Vermont 0 |
| TOP OF THE 5TH |
|
Idaho Falls Chukars batting - Pitching for Vermont Lake Monsters : RHP Pedro Taveras
|
|
Batting: RHB Bill Cranton
|
0-0: SINGLE (Line Drive, 89S, EV 102.5 MPH)
|
|
Batting: SHB Benoît Morin
|
0-0: DOUBLE (Flyball, 8LD, EV 102.5 MPH) Bill Cranton to third
|
|
Batting: RHB Ruben Luis
|
0-0: Ball Passed Ball! Bill Cranton scores Benoît Morin to third 1-0: Fly out, F9 (Line Drive, 9S, EV 100.6 MPH)
|
|
Batting: RHB Mike Bearden
|
0-0: Ball 1-0: Ball 2-0: Ball 3-0: Base on Balls
|
|
Batting: RHB Jonas Fernandez
|
0-0: Called Strike 0-1: Ball 1-1: Ball 2-1: Fly out, F8 (Flyball, 8LD, EV 96.2 MPH) Runner from 3rd tags up, OUT at HOME! 8-2
|
| Top of the 5th over - 1 run, 2 hits, 0 errors, 1 left on base; Idaho Falls 4 - Vermont 0 |
| BOTTOM OF THE 5TH |
|
Vermont Lake Monsters batting - Pitching for Idaho Falls Chukars : LHP Dustin Waller
|
|
Batting: LHB Ed Talamantes
|
0-0: Called Strike 0-1: Swinging Strike 0-2: Hit by Pitch
|
|
Batting: RHB Jon Coleman
|
0-0: Called Strike 0-1: Ball 1-1: Ball 2-1: Called Strike 2-2: SINGLE (Flyball, 34D, EV 89.4 MPH) Ed Talamantes to second
|
|
Batting: RHB Jake Leffel
|
0-0: Ball 1-0: Foul Ball, location: 2F 1-1: DOUBLE (Line Drive, 89XD, EV 105.0 MPH) Ed Talamantes scores Jon Coleman to third
|
|
Pitching: RHP Mike Valdez
|
|
|
Pinch Hitting: LHB Nate Melendez
|
0-0: Called Strike 0-1: Ball 1-1: Foul Ball, location: 2F 1-2: Ball 2-2: Foul Ball, location: 2F 2-2: Ball 3-2: Foul Ball, location: 2F 3-2: Foul Ball, location: 2F 3-2: Base on Balls
|
|
Batting: RHB Chris Temple
|
0-0: Ball 1-0: Foul Ball, location: 2F 1-1: Called Strike 1-2: Foul Ball, location: 2F 1-2: Foul Ball, location: 2F 1-2: Foul Ball, location: 2F 1-2: Ball 2-2: Foul Ball, location: 2F 2-2: SINGLE (Groundball, 34, EV 96.2 MPH) Jon Coleman scores Jake Leffel to third Nate Melendez to second
|
|
Pitching: RHP Francisco Reyes
|
|
|
Batting: RHB Zachary Anderson
|
0-0: Ball 1-0: SINGLE (Line Drive, 56D, EV 95.6 MPH) Jake Leffel scores Nate Melendez to third Chris Temple to second
|
|
Batting: LHB Brian Puccio
|
0-0: Called Strike 0-1: Foul Ball, location: 2F 0-2: Ball 1-2: Strikes out swinging
|
|
Batting: RHB Sean Gould
|
0-0: Ball 1-0: Ball 2-0: SINGLE (Groundball, 4MD, EV 105.6 MPH) Nate Melendez scores Chris Temple to third Zachary Anderson to second Runner from 3rd tries for Home, SAFE, throw by CF to home
|
|
Batting: RHB Chris Prinzing
|
0-0: Ball 1-0: Fielders Choice at 2nd, 5-4 (Groundball, 5, EV 89.4 MPH) Zachary Anderson to third
|
|
Batting: LHB Ed Talamantes
|
0-0: Foul Ball, location: 2F 0-1: Ball 1-1: Ball 2-1: SINGLE (Groundball, 56D, EV 103.8 MPH) Zachary Anderson scores Chris Prinzing to second
|
|
Batting: RHB Jon Coleman
|
0-0: Ball 1-0: Called Strike 1-1: SINGLE (Line Drive, 89S, EV 94.4 MPH) Chris Prinzing to third Ed Talamantes to second Runner from 3rd tries for Home, SAFE, throw by RF to home
|
|
Pitching: LHP Kentaro Shimasaki
|
|
|
Batting: RHB Jake Leffel
|
0-0: Foul Ball, location: 2F 0-1: Swinging Strike 0-2: Ball 1-2: Foul Ball, location: 2F 1-2: Ball 2-2: Ball 3-2: Foul Ball, location: 2F 3-2: Foul Ball, location: 2F 3-2: Base on Balls Ed Talamantes to third Jon Coleman to second
|
|
Batting: LHB Nate Melendez
|
0-0: Called Strike 0-1: Swinging Strike 0-2: Foul Ball, location: 2F 0-2: Ball 1-2: Foul Ball, location: 2F 1-2: Ball 2-2: Strikes out swinging
|
| Bottom of the 5th over - 7 runs, 7 hits, 0 errors, 3 left on base; Idaho Falls 4 - Vermont 7 |
| TOP OF THE 6TH |
|
Idaho Falls Chukars batting - Pitching for Vermont Lake Monsters : RHP Pedro Taveras
|
|
Pitching: LHP Cory Yeary
|
|
|
Now in RF: Matt Sybrant
|
|
|
Batting: RHB Chance Argy
|
0-0: Ball 1-0: Ball 2-0: Ball 3-0: Called Strike 3-1: Base on Balls
|
|
Batting: LHB Vicente Hernandez
|
0-0: Ball 1-0: Called Strike 1-1: Ball 2-1: Fly out, F7 (Line Drive, 7LM, EV 96.2 MPH)
|
|
Batting: LHB David Bearden
|
0-0: Ball 1-0: Swinging Strike 1-1: Fly out, F8 (Flyball, 8LXD, EV 98.1 MPH)
|
|
Batting: RHB Rafael Tapia
|
0-0: Ball 1-0: Called Strike 1-1: Foul Ball, location: 2F 1-2: Foul Ball, location: 2F 1-2: Foul Ball, location: 2F 1-2: Fly out, F7 (Flyball, 78M, EV 80.6 MPH)
|
| Top of the 6th over - 0 runs, 0 hits, 0 errors, 1 left on base; Idaho Falls 4 - Vermont 7 |
| BOTTOM OF THE 6TH |
|
Vermont Lake Monsters batting - Pitching for Idaho Falls Chukars : LHP Kentaro Shimasaki
|
|
Batting: RHB Chris Temple
|
0-0: Foul Ball, location: 2F 0-1: Ball 1-1: Ball 2-1: Ball 3-1: Foul Ball, location: 2F 3-2: Base on Balls
|
|
Pitching: LHP Bin Ya
|
|
|
Batting: RHB Zachary Anderson
|
0-0: Ball 1-0: Called Strike 1-1: Fielders Choice at 2nd, 2-4 (Groundball, 15S, EV 77.5 MPH)
|
|
Batting: LHB Brian Puccio
|
0-0: Ball 1-0: Called Strike 1-1: Ball 2-1: Foul Ball, location: 2F 2-2: Ball 3-2: Strikes out looking
|
|
Batting: RHB Sean Gould
|
0-0: Ball Zachary Anderson is caught stealing 2nd base 2-4
|
| Bottom of the 6th over - 0 runs, 0 hits, 0 errors, 0 left on base; Idaho Falls 4 - Vermont 7 |
| TOP OF THE 7TH |
|
Idaho Falls Chukars batting - Pitching for Vermont Lake Monsters : LHP Cory Yeary
|
|
Batting: RHB Bill Cranton
|
0-0: Swinging Strike 0-1: Foul Ball, location: 2F 0-2: Strikes out swinging, 2-3 out at first.
|
|
Batting: SHB Benoît Morin
|
0-0: Swinging Strike 0-1: Fly out, F9 (Flyball, 89M, EV 81.9 MPH)
|
|
Batting: RHB Ruben Luis
|
0-0: Called Strike 0-1: Foul Ball, location: 2F 0-2: Foul Ball, location: 2F 0-2: Ball 1-2: Strikes out swinging
|
| Top of the 7th over - 0 runs, 0 hits, 0 errors, 0 left on base; Idaho Falls 4 - Vermont 7 |
| BOTTOM OF THE 7TH |
|
Vermont Lake Monsters batting - Pitching for Idaho Falls Chukars : LHP Bin Ya
|
|
Batting: RHB Sean Gould
|
0-0: Ball 1-0: Ball 2-0: Foul Ball, location: 2F 2-1: Foul Ball, location: 2F 2-2: Ball 3-2: Base on Balls
|
|
Batting: RHB Chris Prinzing
|
0-0: Bunted foul 0-1: Sac Bunt to 13 - play at first, batter OUT! 1-3 Sean Gould to second
|
|
Pitching: RHP Jim Haggart
|
|
|
Batting: LHB Ed Talamantes
|
0-0: Called Strike 0-1: Foul Ball, location: 2F 0-2: Ball 1-2: Strikes out swinging, 2-3 out at first.
|
|
Batting: RHB Jon Coleman
|
0-0: Foul Ball, location: 2F 0-1: Called Strike 0-2: DOUBLE (Line Drive, 78D, EV 103.8 MPH) Sean Gould scores
|
|
Batting: RHB Jake Leffel
|
0-0: Called Strike 0-1: Ball 1-1: Fly out, F6 (Popup, P, EV 84.4 MPH)
|
| Bottom of the 7th over - 1 run, 1 hit, 0 errors, 1 left on base; Idaho Falls 4 - Vermont 8 |
| TOP OF THE 8TH |
|
Idaho Falls Chukars batting - Pitching for Vermont Lake Monsters : LHP Cory Yeary
|
|
Batting: RHB Mike Bearden
|
0-0: Ground out 5-3 (Groundball, 56, EV 86.2 MPH)
|
|
Batting: RHB Jonas Fernandez
|
0-0: Ball 1-0: Called Strike 1-1: Foul Ball, location: 2F 1-2: Hit by Pitch
|
|
Batting: RHB Chance Argy
|
0-0: Called Strike 0-1: Ball 1-1: Ball 2-1: Foul Ball, location: 2F 2-2: Strikes out swinging
|
|
Batting: LHB Vicente Hernandez
|
0-0: Called Strike 0-1: Ball 1-1: Ball 2-1: SINGLE (Groundball, 4MD, EV 113.1 MPH) Jonas Fernandez to second
|
|
Pitching: RHP Emanuel Andrade
|
|
|
Batting: LHB David Bearden
|
0-0: Ground out 4-3 (Groundball, 4M, EV 107.5 MPH)
|
| Top of the 8th over - 0 runs, 1 hit, 0 errors, 2 left on base; Idaho Falls 4 - Vermont 8 |
| BOTTOM OF THE 8TH |
|
Vermont Lake Monsters batting - Pitching for Idaho Falls Chukars : RHP Jim Haggart
|
|
Batting: SHB Matt Sybrant
|
0-0: Called Strike 0-1: Foul Ball, location: 2F 0-2: Ball 1-2: DOUBLE (Line Drive, 7LM, EV 103.8 MPH)
|
|
Batting: RHB Jason Dove
|
0-0: Ball 1-0: Called Strike 1-1: Ball 2-1: Foul Ball, location: 2F 2-2: Ball 3-2: Foul Ball, location: 2F 3-2: Strikes out swinging
|
|
Pitching: LHP Hyoji Kawabata
|
|
|
Batting: RHB Zachary Anderson
|
0-0: Called Strike 0-1: Ball 1-1: DOUBLE (Line Drive, 78XD, EV 105.0 MPH) Matt Sybrant scores
|
|
Batting: LHB Brian Puccio
|
0-0: Called Strike 0-1: Foul Ball, location: 2F 0-2: Foul Ball, location: 2F 0-2: Foul Ball, location: 2F 0-2: Ball 1-2: Strikes out swinging
|
|
Batting: RHB Sean Gould
|
0-0: 2-RUN HOME RUN (Line Drive, 7LD, EV 97.5 MPH), Distance : 363 ft
|
|
Batting: RHB Chris Prinzing
|
0-0: Fly out, F8 (Flyball, 8LD, EV 90.6 MPH)
|
| Bottom of the 8th over - 3 runs, 3 hits, 0 errors, 0 left on base; Idaho Falls 4 - Vermont 11 |
| TOP OF THE 9TH |
|
Idaho Falls Chukars batting - Pitching for Vermont Lake Monsters : RHP Emanuel Andrade
|
|
Batting: RHB Rafael Tapia
|
0-0: Ball 1-0: Swinging Strike 1-1: Ball 2-1: Foul Ball, location: 2F 2-2: Strikes out looking
|
|
Batting: RHB Bill Cranton
|
0-0: Swinging Strike 0-1: Swinging Strike 0-2: Ball 1-2: Ball 2-2: Foul Ball, location: 2F 2-2: Foul Ball, location: 2F 2-2: Foul Ball, location: 2F 2-2: Strikes out looking
|
|
Batting: SHB Benoît Morin
|
0-0: Swinging Strike 0-1: Foul Ball, location: 2F 0-2: Foul Ball, location: 2F 0-2: Ball 1-2: Strikes out swinging
|
| Top of the 9th over - 0 runs, 0 hits, 0 errors, 0 left on base; Idaho Falls 4 - Vermont 11 |
|